AoeStats
← Flying-Cucumber

Arabia

508016665Analyzed
1v1 RM · 12d ago on Sep 20, 2026· 48m 43s· 2 players
Game mode
Random Map
Map size
Tiny (2 player)
Population
200
Speed
Normal
Resources
Standard
Victory
Conquest
Starting age
Dark Age
Ending age
Imperial Age
RankedLock teamsTeams togetherTeam positionsShared explorationLock speedFull tech treeHidden civsTurbo modeCheats
Victory
Defeat
🇦🇷 Vikings · Argentina
1228
+19
🇫🇷 Italians · France
1285
-19
conikix
6:36 Loom
9:00 Feudal Age
9:28 Double-Bit Axe
12:46 Fletching
20:42 Castle Age
19:33 Bloodlines
19:50 Horse Collar
20:04 Gold Mining
21:14 Scale Barding Armor
23:22 Bow Saw
26:45 Heavy Plow
29:57 Wheelbarrow
29:10 Town Watch
30:30 Elite Skirmisher
37:10 Imperial Age
36:14 Padded Archer Armor
36:10 Bodkin Arrow
37:36 Scale Mail Armor
37:47 Forging
38:59 Chemistry
38:51 Chain Mail Armor
41:23 Leather Archer Armor
46:02 Ring Archer Armor
Flying-Cucumber
7:55 Loom
10:17 Feudal Age
10:58 Double-Bit Axe
17:47 Fletching
23:52 Castle Age
22:38 Gold Mining
22:29 Horse Collar
23:53 Padded Archer Armor
23:55 Crossbowman
25:00 Bodkin Arrow
27:28 Bow Saw
30:14 Heavy Plow
30:02 Town Watch
35:48 Imperial Age
33:54 Scale Mail Armor
34:05 Squires
35:18 Chain Mail Armor
34:50 Arson
35:51 Forging
36:45 Gold Shaft Mining
36:51 Conscription
37:12 Plate Mail Armor
38:06 Arbalester
39:22 Iron Casting
38:50 Bracer
40:07 Iron Casting
41:22 Leather Archer Armor
42:39 Chemistry
42:41 Ballistics
42:28 Elite Berserk
43:28 Masonry
44:02 Ring Archer Armor
44:03 Town Patrol
46:26 Blast Furnace
46:21 Bogsveigar
Connection lost

Rejoining the realm…

Still unreachable

The connection could not be restored.

Session expired

The server has moved on; the page needs a fresh start.